 Dungeon Crawl Stone Soup version 0.14-a0-3315-g09e681a (webtiles) character file.

615 Psiweapon the Bolt Thrower (level 7, -1/38 HPs)
             Began as a Kobold Hunter on Mar 15, 2014.
             Was a Follower of Okawaru.
             Killed from afar by Pikel (12 damage)
             ... with a wand of flame
             ... on Level 5 of the Dungeon.
             The game lasted 00:12:58 (2891 turns).

Psiweapon the Bolt Thrower (Kobold Hunter)          Turns: 2891, Time: 00:12:58

HP  -1/38        AC  4     Str 11      XL: 7   Next:  4%
MP   7/7         EV 17     Int  9      God: Okawaru [*.....]
Gold 235         SH  0     Dex 18      Spells:  0 memorised,  6 levels left

rFire  . . .     SeeInvis .     i - +2,+1 whip (drain)
rCold  . . .     Clarity  .     d - +0 leather armour
rNeg   . . .     Conserve .     (no shield)
rPois  .         rCorr    +     (no helmet)
rElec  .         rRot     .     (no cloak)
SustAb . .       Spirit   .     u - +0 pair of gloves
rMut   .         Warding  .     (no boots)
Saprov + + .     Stasis   .     p - amulet of resist corrosion {unknown}
MR     .....                    (no ring)
                                (no ring)

@: not resistant to hostile enchantments, fairly stealthy
A: disease resistance, carnivore 3, saprovore 2
a: Heroism, Renounce Religion


You were on level 5 of the Dungeon.
You worshipped Okawaru.
Okawaru was aware of your devotion.
You were very full.

You visited 2 branches of the dungeon, and saw 6 of its levels.

You collected 235 gold pieces.

Inventory:

Hand weapons
 a - a +0,+0 short sword
 b - a +1,+1 crossbow
 i - a +2,+1 whip of draining (weapon)
 s - a +0 blowgun
 F - a +0,+2 quarterstaff of protection
 G - a +2,+2 cutlass of venom
Missiles
 c - 8 bolts
 q - 6 tomahawks (quivered)
 t - 16 poisoned needles
 D - 19 sling bullets
 I - 4 needles of slowing
Armour
 d - a +0 leather armour (worn)
 u - a +0 pair of gloves (worn)
Magical devices
 n - a wand of fireball (4) {unknown}
Comestibles
 f - a meat ration
 v - a slice of pizza
Scrolls
 e - a scroll of enchant weapon I {unknown}
 g - 2 scrolls of remove curse {unknown}
 j - a scroll of immolation {unknown}
 k - 2 scrolls of recharging {unknown}
 l - 2 scrolls of teleportation {unknown}
 o - 4 scrolls of identify {unknown}
 w - a scroll of fear {unknown}
 y - a scroll of magic mapping {unknown}
 B - a scroll of enchant weapon II {unknown}
Jewellery
 p - an amulet of resist corrosion (around neck) {unknown}
Potions
 h - 5 potions of curing
 m - a potion of poison {unknown}
 r - 2 potions of flight {unknown}
 x - a potion of restore abilities {unknown}
 z - a potion of heal wounds {unknown}
 A - 2 potions of resistance {unknown}
 C - a potion of might {unknown}
 E - a potion of agility {unknown}
 H - a potion of confusion {unknown}
 K - a potion of berserk rage {unknown}


   Skills:
 - Level 1.1 Fighting
 + Level 7.5 Crossbows
 + Level 6.1 Dodging
 - Level 1.3 Stealth


You had 6 spell levels left.
You didn't know any spells.

Dungeon Overview and Level Annotations

Branches:
Dungeon (5/15)             Temple (1/1) D:4

Altars:
Fedhas
Nemelex Xobeh
Okawaru
Zin

Annotations:
D:5 Pikel


Innate Abilities, Weirdness & Mutations

You recuperate from illness quickly.
You are small and have problems with some larger weapons.
You are carnivorous and can eat meat at any time.
You can eat rotten meat.


Message History

Wield which item (- for none, * to show all)? (? for menu, Esc to quit)
You feel less protected.
You sense an unholy aura.
i - a +2,+1 whip of draining (weapon)
Drink which item? (? for menu, Esc to quit)
You feel better.
It was a potion of curing.
Pikel zaps a wand.
The puff of flame misses you. Pikel misses you.
Found a fizzy purple potion.
You see here an uncursed bow.
You hit Pikel but do no damage. You drain Pikel!
Pikel is lightly wounded.
Pikel zaps a wand.
The puff of flame hits you!
One of your 2 scrolls labeled SCHEUJ CECVAMP catches fire!
* * * LOW HITPOINT WARNING * * *
An orc comes into view. It is wielding a whip.
You closely miss Pikel.
Pikel is lightly wounded.
Pikel zaps a wand.
The puff of flame hits you!
Your scroll labeled SOATAR NUIMM catches fire!
You die...

#.........##########.#
#.........# ########.#
#########.........###........#
#..............(.............#
#.........###.#######........#
...#####.# #!# #........# .
#.# #.# #........# #.# #(#
#........# #.# #@# ##########
#.# #K# #.# #)# .(. @@{ ...
#(# #.# o.. #(# #!#


You could see Pikel, 2 slaves and an orc.

Vanquished Creatures
  Sigmund (D:3)
  A centaur (D:5)
  An ogre (D:4)
  2 crimson imps (D:5)
  An adder (D:4)
  A giant mite (D:3)
  A worker ant (D:4)
  A worm (D:2)
  2 giant geckos
  An ooze (D:2)
  6 orcs
  4 giant cockroaches
  3 goblins
  5 hobgoblins
  12 kobolds
  7 bats
  A giant newt (D:4)
  10 rats
60 creatures vanquished.

Vanquished Creatures (others)
  4 toadstools (D:1)
4 creatures vanquished.

Grand Total: 64 creatures vanquished

Notes
Turn   | Place    | Note
--------------------------------------------------------------
     0 | D:1      | Psiweapon, the Kobold Hunter, began the quest for the Orb.
     0 | D:1      | Reached XP level 1. HP: 12/12 MP: 1/1
   114 | D:1      | Reached skill level 5 in Crossbows
   316 | D:1      | Reached XP level 2. HP: 16/16 MP: 2/2
   984 | D:2      | Reached XP level 3. HP: 20/20 MP: 3/3
  1592 | D:3      | Noticed Sigmund
  1594 | D:3      | Killed Sigmund
  1594 | D:3      | Reached skill level 6 in Crossbows
  1594 | D:3      | Reached XP level 4. HP: 15/25 MP: 4/4
  1594 | D:3      | Reached XP level 5. HP: 17/29 MP: 5/5
  2126 | D:4      | Found a staircase to the Ecumenical Temple.
  2134 | Temple   | Entered the Ecumenical Temple
  2164 | Temple   | Became a worshipper of Warmaster Okawaru
  2304 | D:4      | Noticed an ogre
  2309 | D:4      | Killed an ogre
  2309 | D:4      | Reached skill level 5 in Dodging
  2309 | D:4      | Reached XP level 6. HP: 34/34 MP: 6/6
  2811 | D:5      | Entered Level 5 of the Dungeon
  2814 | D:5      | Reached skill level 7 in Crossbows
  2872 | D:5      | Noticed Pikel
  2873 | D:5      | Noticed a slave
  2874 | D:5      | Noticed a slave
  2879 | D:5      | Acquired Okawaru's first power
  2886 | D:5      | Reached XP level 7. HP: 17/38 MP: 7/7
  2891 | D:5      | Killed from afar by Pikel

Action                   |  1- 3 |  4- 6 |  7- 9 || total
-------------------------+-------+-------+-------++-------
Melee: Short sword       |    44 |       |       ||    44
       Whip              |     3 |    37 |     2 ||    42
       Quarterstaff      |       |     6 |       ||     6
       Cutlass           |       |     3 |       ||     3
 Fire: Crossbow          |    29 |    28 |       ||    57
  Use: Potion            |       |       |     1 ||     1
 Stab: Sleeping          |     1 |     2 |       ||     3
